 Dungeon Crawl Stone Soup version 0.30-a0-6-g7c9e10e132 (webtiles) character file.

Game seed: 18310434710821481467

31 Setbun the Magician (level 3, -3/30 HPs)
             Began as a Djinni Cinder Acolyte on Aug 22, 2022.
             Was a High Priest of Ignis.
             Slain by a goblin
             ... wielding a +0 club
             ... led by Robin
              (4 damage)
             ... on level 2 of the Dungeon.
             The game lasted 00:01:08 (1689 turns).

Setbun the Magician (Djinni Cinder Acolyte)         Turns: 1689, Time: 00:01:10

Health: -3/30      AC:  3    Str: 13    XL:     3   Next: 40%
Gold:   33         EV:  8    Int: 17    God:    Ignis [*****.] SH:  0 Dex:  8

rFire   + + +      SeeInvis .    a - -1 falchion (flame)
rCold   x . .      Faith    .    (no shield)
rNeg    . . .      Spirit   .    b - +0 robe
rPois   ∞          Reflect  .    (no helmet)
rElec   .          Harm     .    f - +0 cloak
rCorr   .          Rampage  .    (no gloves)
Will    .....                    (boots unavailable)
Stlth   +.........               (no amulet)
HPRegen 0.10/turn                (no ring)
MPRegen 0.00/turn                (no ring)

@: attractive, flying, very slightly contaminated, constricted
A: sickness immunity, fire resistance 2, cold vulnerability 1, float, innate
caster, HP casting, extra vitality 1
a: Renounce Religion, Fiery Armour, Foxfire Swarm, Rising Flame


You were on level 2 of the Dungeon.
You worshipped Ignis.
Ignis was extremely pleased with you.
You visited 1 branch of the dungeon, and saw 2 of its levels.

You collected 33 gold pieces.

Inventory:

Hand Weapons
 a - a -1 falchion of flaming (weapon)
Armour
 b - a +0 robe (worn)
 f - a +0 cloak (worn)
Scrolls
 c - 3 scrolls of identify {unknown}
 e - a scroll of enchant armour {unknown}
Potions
 g - a potion of heal wounds {unknown}
 h - 2 potions of curing {unknown}
 i - a potion of invisibility {unknown}


   Skills:
 - Level 3.0 Fighting
 - Level 2.6 Long Blades
 * Level 3.3 Spellcasting


You had 5 spell levels left.
You knew the following spells:

 Your Spells              Type           Power      Damage    Failure   Level
a - Scorch                Fire           28%        2d6       6%          2
b - Summon Small Mammal   Summ           56%        N/A       4%          1
Your spell library was empty.

Dungeon Overview and Level Annotations

Branches:
Dungeon (2/15)

Altars:

Shops:
D:1 =

Annotations:
D:2 Robin


Innate Abilities, Weirdness & Mutations

You are immune to sickness and miasma.
You are immune to poison.
Your flesh is very heat resistant. (rF++)
You are vulnerable to cold. (rC-)
You float through the air rather than walking.
You learn spells naturally, not from books.
Your magical power is your life essence.
You have superior vitality. (+4 MHP)


Message History

You kill the goblin!
The worm bites you but does no damage. Robin throws the goblin at you!
The goblin misses you. The ball python completely misses you.
The ball python barely misses you.
A goblin comes into view. It is wielding a +0 dagger.
The goblin hits you but does no damage.
You are too injured to fight recklessly!
You are too injured to fight recklessly!
Casting: Scorch (safe; 6% risk of failure)
Press: ? - help, Q - select action, (/) - cycle Dir - look around, f - activate Flames lash the goblin.
You kill the goblin!
* * * LOW HITPOINT WARNING * * *
The ball python barely misses you. The ball python grabs you.
The ball python constricts you. Robin throws the goblin at you!
* * * LOW HITPOINT WARNING * * *
The goblin hits you with a +0 club.
* * * LOW HITPOINT WARNING * * *
The goblin hits you but does no damage. The worm misses you.
You don't have enough health to cast this spell.
Unknown command.
Unknown command.
You don't have enough health to cast this spell.
Unknown command.
You don't have enough health to cast this spell.
Unknown command.
You don't have enough health to cast this spell.
Unknown command.
You don't have enough health to cast this spell.
Unknown command.
You don't have enough health to cast this spell.
You don't have enough health to cast this spell.
It was a potion of attraction.
You feel attractive to monsters.
The ball python bites you but does no damage.
The ball python constricts you.
* * * LOW HITPOINT WARNING * * *
A goblin comes into view. It is wielding a +0 club.
The goblin hits you with a +0 club.
You die...

....##........ ..#
#.........#### ..#.##.#####.#
# #.###..##..... .##.##.# #
#.......#..... .......#
#.###......... .##.....
#.###......... ........
#...#......... ........
#.#.#...#+####
###########g########.#.....#.#
....g)w@g...#.....#.####
##....S.g.###...........
#........+.............
#........###..#........
#........# #..#........
#........## #..#......(.
+........# #. #........
#........# #........ #.....[..


You could see a worm, Robin, 3 goblins and a ball python.

Vanquished Creatures
  3 ball pythons (D:1)
  3 endoplasms
  3 giant cockroaches
  9 goblins
  2 jackals (D:1)
  A quokka (D:2)
  A bat (D:1)
  2 frilled lizards (D:1)
  A kobold (D:1)
  2 rats
27 creatures vanquished.

Notes
Turn   | Place    | Note
-------+----------+-------------------------------------------
     0 | D:1      | Setbun the Djinni Cinder Acolyte began the quest for the
                  | Orb.
     0 | D:1      | Setbun set off with the following spells memorised: Scorch.
     0 | D:1      | Reached XP level 1. HP: 20/20 MP: 0/0
    47 | D:1      | Found Eqaosk's Jewellery Shop.
   553 | D:1      | Reached XP level 2. HP: 25/25 MP: 0/0
  1371 | D:2      | Reached XP level 3. HP: 26/30 MP: 0/0
  1371 | D:2      | Learned a level 1 spell: Summon Small Mammal
  1681 | D:2      | Noticed Robin
  1689 | D:2      | HP: 1/30 [constriction (1)]
  1689 | D:2      | Slain by a goblin

Illustrated notes

Levels and vault maps discovered:
D:1:      lemuel_arrival_behind_the_door_large, layout_basic, serial_shops, shop
D:2:      layout_basic, basic_altar, minmay_misc_feat_roman, st_stairs_8,
          minmay_bisected, uniq_robin, uniq_natasha, uniq_crazy_yiuf_cottage

Skill      XL: |  1  2 |
---------------+-------+-----
Spellcasting   | 3 |  3.3
Fighting       | |  3.0
Long Blades    | |  2.6

Action                   || total
-------------------------++-------
Melee: Falchion          ||    21
 Cast: Scorch            ||    22
  Use: Potion            ||     1
Armor: Robe              ||    16
Dodge: Dodged            ||    22

Table legend: (Time is in decaauts)
 A = Elapsed time spent in this place.
 B = Non-inter-level travel time spent in this place.
 C = Inter-level travel time spent in this place.
 D = Time resting spent in this place.
 E = Time spent auto-exploring this place.
 F = Levels seen in this place.
 G = Mean time per level.
                   A        B        C        D        E       F      G
               +--------+--------+--------+--------+--------+-----+--------+
         Total |   1692 |   1580 |    112 |    158 |   1293 |   2 |  846.0 |
       Dungeon |   1692 |   1580 |    112 |    158 |   1293 |   2 |  846.0 |
               +--------+--------+--------+--------+--------+-----+--------+

Top non-repeatable levels by time:
     D:1: 1371 daAuts
     D:2: 321 daAuts
